Map: Honorgrounds LE

Players

Snute

  • Race: Zerg Zerg
  • Spawn Location: 1:00

Kelazhur - Winner!

  • Race: Terran Terran
  • Spawn Location: 11:00

Event: WCS Austin 2017

VOD

https://www.youtube.com/watch?v=aAdTXXWQcEc&t=25s

Description

Time

  • Played on: April 29, 2017, 4:50 p.m.
  • Length: 15:55

All games in this series

Show
View Real Time Build Order
Export as new Build Order

Snute Zerg 

Build Orders: Hatch First 

Get SALT Encoding   

  12  0:00  Drone  
  13  0:12  Overlord  
  13  0:17  Drone  
  14  0:30  Drone x2  
  14  0:34  Drone  
  17  0:53  Hatchery  
  17  0:56  Drone  
  17  0:59  Drone  
  17  1:01  Extractor  
  17  1:14  Spawning Pool  
  17  1:18  Drone  
  17  1:21  Drone  
  18  1:28  Drone  
  19  1:38  Overlord  
  19  1:49  Drone  
  20  2:01  Queen, Metabolic Boost  
  20  2:04  Queen  
  20  2:07  Zergling x2  
  25  2:10  Zergling x2  
  25  2:13  Zergling x2  
  27  2:16  Drone  
  27  2:21  Drone  
  29  2:27  Drone  
  30  2:32  Drone  
  31  2:37  Drone  
  31  2:39  Queen  
  34  2:44  Overlord  
  34  2:50  Drone  
  35  2:55  Drone  
  36  3:03  Zergling x2  
  37  3:09  Zergling x4  
  39  3:13  Zergling x4  
  39  3:17  Drone x3  
  39  3:19  Overlord  
  43  3:28  Drone  
  43  3:29  Drone  
  43  3:31  Drone  
  44  3:37  Overlord  
  44  3:38  Drone  
  44  3:39  Queen  
  46  3:42  Hatchery  
  46  3:46  Queen  
  47  3:49  Drone  
  47  3:50  Drone  
  49  3:58  Drone  
  49  3:59  Drone  
  51  4:06  Drone x2  
  51  4:07  Drone x4  
  51  4:09  Drone  
  58  4:11  Drone  
  59  4:20  Overlord  
  59  4:22  Drone  
  60  4:30  Overlord  
  60  4:34  Roach Warren  
  60  4:37  Queen, Extractor  
  60  4:39  Queen, Evolution Chamber  
  60  4:42  Drone x3, Evolution Chamber  
  60  4:44  Drone x2  
  65  4:48  Zergling x4  
  67  4:53  Zergling x2  
  67  4:54  Zergling x2  
  67  4:58  Queen  
  71  5:07  Zerg Ground Armor Level 1  
  71  5:09  Zerg Missile Weapons Level 1  
  71  5:10  Zergling x8  
  71  5:13  Queen  
  76  5:20  Roach x2  
  80  5:21  Overlord x2  
  80  5:22  Overlord  
  80  5:25  Zergling x2  
  81  5:38  Overlord  
  81  5:40  Extractor  
  81  5:41  Roach x3  
  81  5:42  Roach x2  
  90  5:43  Drone x2  
  90  5:44  Drone x3  
  90  5:45  Drone x2  
  90  5:46  Drone  
  90  5:47  Drone  
  99  5:51  Overlord  
  99  5:56  Roach  
  101  5:58  Roach  
  101  6:03  Roach x3  
  109  6:15  Spore Crawler  
  106  6:20  Roach x5  
  106  6:24  Drone, Overlord  
  106  6:25  Drone x3  
  120  6:26  Drone  
  120  6:29  Extractor  
  120  6:31  Extractor  
  120  6:32  Extractor  
  118  6:36  Lair  
  118  6:38  Drone x3  
  121  6:40  Overlord  
  121  6:42  Overlord x2  
  121  6:47  Roach x2  
  125  6:57  Roach x2  
  129  7:04  Overlord, Roach x2  
  129  7:05  Roach x5  
  129  7:07  Drone x2  
  145  7:09  Drone  
  145  7:14  Overlord  
  145  7:15  Overlord  
  142  7:22  Spore Crawler  
  141  7:23  Spore Crawler  
  139  7:37  Zerg Missile Weapons Level 2, Zerg Ground Armor Level 2  
  139  7:38  Drone x3  
  139  7:39  Drone  
  139  7:41  Glial Reconstitution  
  139  7:42  Drone  
  139  7:43  Drone x2, Infestation Pit  
  145  7:49  Roach x4  
  152  8:12  Hatchery  
  151  8:16  Overlord  
  151  8:19  Infestor x3  
  157  8:23  Hive  
  157  8:33  Zergling x10  
  157  8:34  Zergling x8  
  166  8:37  Spire  
  166  8:40  Spore Crawler  
  164  8:43  Spore Crawler  
  164  8:46  Queen x2  
  165  9:05  Drone x6  
  165  9:06  Overlord x2  
  167  9:21  Ravager  
  167  9:22  Ravager x2, Burrow, Pneumatized Carapace  
  169  9:29  Roach  
  169  9:30  Roach x6  
  169  9:31  Roach x4  
  189  9:36  Ravager x3  
  192  9:43  Extractor  
  192  9:44  Queen x2  
  188  9:47  Ravager x3  
  190  9:55  Greater Spire  
  190  10:04  Queen  
  192  10:20  Queen  
  194  10:25  Corruptor x4  
  194  10:26  Corruptor  
  199  10:35  Extractor  
  198  10:44  Hatchery  
  198  10:48  Spore Crawler x3  
  198  10:49  Corruptor x2  
  198  11:14  Hatchery  
  198  11:15  Hatchery  
  198  11:17  Zerg Ground Armor Level 3  
  198  11:18  Zerg Missile Weapons Level 3  
  196  11:19  Brood Lord  
  196  11:25  Brood Lord  
  200  11:51  Brood Lord x3  
  175  12:02  Roach x8  
  175  12:06  Hatchery  
  182  12:10  Roach x6  
  182  12:14  Hatchery  
  186  12:21  Brood Lord  
  188  12:32  Extractor  
  188  12:36  Extractor  
  186  12:43  Brood Lord, Zerg Flyer Armor Level 1  
  188  13:00  Spore Crawler  
  188  13:01  Spore Crawler  
  186  13:09  Pathogen Glands  
  184  13:17  Drone, Spore Crawler x2  
  184  13:18  Drone x9  
  184  13:19  Spore Crawler  
  191  13:20  Spore Crawler  
  190  13:27  Spore Crawler  
  190  13:29  Spore Crawler  
  190  13:30  Spore Crawler  
  190  13:31  Spore Crawler x2  
  190  13:33  Spore Crawler  
  179  13:35  Roach x10  
  179  13:37  Spore Crawler  
  191  13:48  Roach x6  
  150  13:49  Roach x5  
  155  13:55  Ravager  
  155  13:56  Ravager x2  
  155  13:57  Ravager x3  
  155  14:00  Infestor  
  163  14:07  Ravager  
  163  14:08  Ravager x2  
  166  14:10  Ravager x4  
  166  14:15  Roach x2  
  164  14:22  Roach  
  164  14:23  Roach  
  167  14:29  Ravager x2  
  167  14:30  Ravager  
  160  14:39  Roach x3  
  160  14:41  Ravager  
  160  14:42  Ravager  
  170  14:53  Roach x3  
  170  14:57  Roach  
  170  14:58  Roach  
  178  15:00  Roach  
  180  15:11  Roach  
  180  15:12  Roach x3  
  182  15:16  Roach x2  
  181  15:24  Roach  
  181  15:25  Roach x2  
  179  15:35  Roach x4  
  133  15:36  Roach  
Show
View Real Time Build Order
Export as new Build Order

Kelazhur Terran - Winner!

Build Orders: Reaper Expand, MMM Bio 

Get SALT Encoding   

  12  0:00  SCV  
  13  0:12  SCV  
  14  0:17  Supply Depot  
  14  0:24  SCV  
  15  0:39  SCV  
  15  0:40  Barracks  
  16  0:44  Refinery  
  16  0:51  SCV  
  17  1:04  SCV  
  18  1:16  SCV  
  19  1:27  Reaper  
  19  1:28  Orbital Command  
  20  1:41  Command Center  
  20  1:52  Barracks  
  20  1:56  SCV  
  20  1:59  Barracks Reactor  
  21  2:09  Supply Depot, SCV  
  22  2:16  Refinery  
  22  2:21  SCV  
  23  2:29  Factory  
  23  2:33  SCV  
  24  2:38  Marine x2  
  24  2:39  Barracks Tech Lab  
  26  2:45  SCV  
  27  2:53  Orbital Command  
  27  2:56  Marine x2  
  29  3:01  Stimpack  
  29  3:06  SCV  
  29  3:09  Marine  
  31  3:14  Marine x2  
  31  3:19  SCV  
  35  3:20  SCV  
  33  3:27  Marine  
  33  3:31  Starport, Marine  
  33  3:34  SCV  
  34  3:39  Marine  
  34  3:40  SCV  
  36  3:42  Factory Reactor  
  36  3:45  Marine  
  36  3:46  SCV  
  38  3:49  Marine  
  38  3:52  SCV  
  39  3:58  SCV  
  39  4:00  Supply Depot x2  
  39  4:01  Marine  
  41  4:03  Marine  
  41  4:05  SCV  
  43  4:10  Marine, SCV  
  45  4:17  SCV  
  45  4:22  Medivac x2, Marine x2  
  52  4:25  SCV  
  52  4:28  Marine  
  52  4:30  SCV  
  55  4:34  Engineering Bay  
  55  4:36  Engineering Bay  
  55  4:37  SCV  
  56  4:40  Marine x2  
  56  4:43  Widow Mine, SCV  
  61  4:45  Marine  
  61  4:50  Supply Depot  
  61  4:52  Supply Depot  
  62  5:02  Combat Shields  
  62  5:03  Terran Infantry Armor Level 1, Terran Infantry Weapons Level 1  
  62  5:11  Marine x3, SCV x2  
  62  5:13  Supply Depot  
  67  5:17  Medivac  
  69  5:23  SCV x2  
  71  5:29  Marine x3  
  74  5:35  Command Center  
  74  5:37  SCV  
  74  5:40  SCV  
  74  5:42  Supply Depot  
  76  5:47  Marine x3  
  79  5:53  SCV  
  80  6:01  Barracks x2  
  80  6:02  Barracks  
  79  6:18  Marine x3  
  79  6:20  Factory Tech Lab, SCV  
  79  6:22  SCV  
  84  6:27  Medivac  
  84  6:28  Medivac, Concussive Shells  
  84  6:31  Refinery x2  
  84  6:32  SCV  
  89  6:33  Armory  
  89  6:34  Supply Depot, SCV  
  89  6:36  Marine  
  89  6:44  SCV  
  90  6:48  Barracks Reactor x2  
  90  6:53  Marine  
  92  6:55  Barracks Reactor  
  92  6:57  SCV x2  
  93  7:07  Marine  
  93  7:08  Marauder  
  96  7:09  SCV  
  96  7:11  Marine  
  96  7:15  Medivac  
  100  7:18  SCV  
  100  7:20  Orbital Command  
  101  7:25  Marine, SCV  
  101  7:28  Terran Infantry Weapons Level 2  
  103  7:30  Marine x6  
  103  7:36  Marine, SCV  
  110  7:37  Marine  
  110  7:38  Terran Infantry Armor Level 2  
  110  7:39  SCV  
  110  7:41  Refinery  
  110  7:43  Supply Depot  
  113  7:45  Marine  
  113  7:46  SCV  
  113  7:48  Refinery, SCV  
  113  7:50  Supply Depot  
  116  7:51  SCV  
  116  7:52  Supply Depot  
  116  7:59  SCV  
  116  8:05  Marauder, SCV  
  120  8:08  Marine, Siege Tank  
  120  8:11  Medivac x2  
  128  8:15  Marine x5  
  128  8:16  Marine  
  133  8:22  SCV x3  
  133  8:23  Supply Depot  
  133  8:26  Marauder  
  138  8:33  Marine  
  139  8:34  SCV x2  
  141  8:44  Marine x7  
  148  8:50  Barracks  
  148  8:51  Barracks, Marine  
  148  8:53  Barracks  
  149  9:02  Marine  
  149  9:06  Supply Depot  
  149  9:09  Supply Depot  
  149  9:16  Marine x3  
  149  9:17  Marine  
  149  9:18  Marauder  
  149  9:28  Siege Tank, Marine x4  
  149  9:30  Supply Depot  
  149  9:31  Supply Depot x2  
  156  9:34  Marine x3, Terran Vehicle Weapons Level 1  
  159  9:40  Marauder, Barracks Tech Lab x2  
  159  9:41  Barracks Tech Lab  
  156  9:48  Marine  
  156  9:49  Terran Infantry Weapons Level 3, Marine x4  
  156  9:52  Marine x2  
  163  9:56  Supply Depot, Marine  
  164  10:00  Marauder, Marine  
  164  10:01  Marauder x2  
  164  10:03  Command Center  
  169  10:18  Marauder  
  170  10:28  Marine  
  162  10:29  Marauder x2, Marine x3  
  162  10:31  Siege Tank  
  173  10:37  Marauder  
  173  10:41  SCV  
  176  10:45  Marauder, Marine  
  176  10:46  Marine  
  180  10:50  Marauder  
  180  10:54  Marine  
  180  10:55  Marauder  
  180  10:56  Marine x2  
  180  10:57  Terran Infantry Armor Level 3  
  185  10:59  Marine  
  185  11:03  Siege Tank  
  186  11:08  Marauder  
  182  11:14  Marauder  
  182  11:15  Marine x9  
  189  11:22  Planetary Fortress  
  189  11:25  Sensor Tower  
  189  11:28  Marine  
  189  11:30  Marauder  
  192  11:33  Marine x6  
  192  11:34  Marauder  
  200  11:52  Marauder  
  171  11:55  Marauder  
  171  11:57  Siege Tank, Marine  
  170  12:05  Marine  
  170  12:06  Marauder, Marine x7  
  170  12:07  Medivac x2  
  171  12:13  Marine  
  171  12:14  Marine  
  164  12:16  Marine  
  163  12:23  Marine x4  
  163  12:24  Marauder, Marine x3  
  163  12:27  Marauder  
  177  12:30  Siege Tank  
  177  12:31  Marine  
  177  12:32  Marine  
  177  12:34  Marauder  
  181  12:39  Viking x2  
  181  12:41  Marine x7  
  192  12:46  Marauder  
  192  12:49  Marauder x2  
  192  12:50  Marine  
  199  12:55  Marine  
  200  13:00  Starport x2  
  200  13:05  Command Center  
  198  13:10  Marauder  
  194  13:15  Marauder  
  194  13:18  Marauder x2  
  200  13:24  Terran Ship Weapons Level 1  
  195  13:45  Marauder x2  
  173  13:49  Marauder  
  173  13:54  Marauder, Marine  
  173  13:55  Medivac x4  
  177  14:04  Siege Tank  
  177  14:06  Marauder x2  
  184  14:16  Marauder  
  178  14:18  Marauder, Marine  
  178  14:20  Marine x6  
  178  14:24  Orbital Command  
  186  14:25  Medivac x4  
  186  14:31  Marauder x2, Marine  
  193  14:35  Marine  
  193  14:36  Marine, Siege Tank  
  193  14:37  Marine  
  193  14:38  Marine x5  
  200  14:39  Marauder  
  198  14:51  Marine  
  199  14:52  Marauder  
  199  14:53  Marine  
  200  15:07  Command Center  
  193  15:22  Marauder, Marine  
  193  15:28  Marauder  
  194  15:31  Marauder  
  194  15:32  Marine  
  157  15:36  Marine x6  
Tags
 
Add a new tag
Caveats
  • Supply blocks, unpowered buildings, or Contaminate may cause inaccurate times.
  • Supply counts are checked every 10 seconds.